AoeStats
← javidiazm95

Hideout

503645856Analyzed
2v2 RM · 1mo ago on Sep 1, 2026· 45m 4s· 4 players
Game mode
Random Map
Map size
Medium (4 player)
Population
200
Speed
Normal
Resources
Standard
Victory
Conquest
Starting age
Dark Age
Ending age
Imperial Age
RankedLock teamsTeams togetherTeam positionsShared explorationLock speedFull tech treeHidden civsTurbo modeCheats
Victory
Defeat
🇳🇱 Sicilians · Netherlands
917
+15
🇪🇸 Aztecs · Spain
907
+15
🇪🇸 Hindustanis · Spain
971
-19
🇪🇸 Romans · Spain
807
-11
manejc94
9:49 Feudal Age
11:10 Double-Bit Axe
13:24 Horse Collar
17:22 Castle Age
15:10 Loom
16:39 Wheelbarrow
17:15 Forging
17:11 Scale Barding Armor
18:10 Bloodlines
20:18 Wheelbarrow
23:46 Husbandry
25:08 Bow Saw
25:03 Heavy Plow
25:02 Gold Mining
25:10 Stone Mining
27:20 Chain Barding Armor
27:32 Thumb Ring
28:05 Elite Skirmisher
30:30 Fletching
30:59 Grand Trunk Road
32:44 Iron Casting
36:11 Bodkin Arrow
36:16 Padded Archer Armor
36:17 Scale Mail Armor
javidiazm95
1:03 Loom
12:56 Feudal Age
14:39 Wheelbarrow
15:05 Gold Mining
16:32 Horse Collar
16:39 Double-Bit Axe
26:22 Castle Age
27:38 Hand Cart
30:56 Bow Saw
34:14 Imperial Age
hass
2:58 Loom
11:13 Feudal Age
12:06 Double-Bit Axe
16:16 Arson
16:46 Forging
16:38 Scale Mail Armor
23:46 Wheelbarrow
23:18 Horse Collar
23:33 Gold Mining
26:19 Castle Age
26:43 Pikeman
27:25 Squires
28:42 Iron Casting
28:23 Chain Mail Armor
28:32 Town Watch
29:38 Bow Saw
30:02 Hand Cart
30:50 Stone Mining
37:17 Imperial Age
37:10 Eagle Warrior
39:12 Blast Furnace
38:43 Plate Mail Armor
39:15 Gold Shaft Mining
39:18 Stone Shaft Mining
39:30 Conscription
39:27 Capped Ram
40:53 Elite Eagle Warrior
44:24 Garland Wars
Rivalli
0:27 Loom
10:39 Feudal Age
11:46 Double-Bit Axe
11:44 Horse Collar
14:23 Forging
17:51 Fletching
23:11 Castle Age
22:02 Padded Archer Armor
23:25 Gold Mining
23:27 Stone Mining
24:02 Bow Saw
23:54 Heavy Plow
24:03 Crossbowman
24:43 Bodkin Arrow
26:12 Wheelbarrow
26:03 Ballistics
25:08 Pikeman
27:47 Iron Casting
27:12 Murder Holes
28:18 Gold Shaft Mining
30:09 Hand Cart
33:00 Stone Shaft Mining
32:16 Town Watch
32:50 Gambesons
36:29 Imperial Age
34:07 Squires
34:55 Scale Mail Armor
35:18 Masonry
35:02 Arson
37:22 Bracer
36:44 Arbalester
38:27 Chemistry
38:03 Crop Rotation
38:40 Conscription
38:33 Town Patrol
41:50 Chain Mail Armor
41:53 Leather Archer Armor
41:54 Chain Mail Armor
41:42 Elite Serjeant
45:21 Heated Shot
45:37 Siege Engineers
45:56 First Crusade
45:42 Hauberk
46:15 Hoardings
Connection lost

Rejoining the realm…

Still unreachable

The connection could not be restored.

Session expired

The server has moved on; the page needs a fresh start.